 Dungeon Crawl Stone Soup version 0.30-a0-778-g2ef04afb54 (webtiles) character file.

Game seed: 2264204679905784767

46 BubbleThief the Grave Robber (level 3, -6/24 HPs)
             Began as a Demonspawn Necromancer on Feb 16, 2023.
             Killed from afar by Grinder (15 damage)
             ... with a bolt of light
             ... while paralysed by Grinder
             ... on level 3 of the Dungeon.
             The game lasted 00:02:32 (2017 turns).

BubbleThief the Grave Robber (DsNe)                 Turns: 2017, Time: 00:02:33

Health: -6/24      AC:  2    Str:  8    XL:     3   Next: 46%
Magic:  6/6        EV:  2    Int: 16    God:
Gold:   82         SH:  0    Dex: 15    Spells: 6/7 levels left

rFire   + . .      SeeInvis .    j - +3 dagger of Generosity {protect, +Blink rF+ rC++ Will-}
rCold   + + .      Faith    .    (no shield)
rNeg    . . .      Spirit   .    a - +0 robe
rPois   .          Reflect  .    (helmet restricted)
rElec   .          Harm     .    (no cloak)
rCorr   .          Rampage  .    (no gloves)
Will    .....                    (no boots)
Stlth   ++                       (no amulet)
HPRegen 0.24/turn                (no ring)
MPRegen 0.10/turn                (no ring)

@: paralysed
A: antennae 1
a: Evoke Blink


You were on level 3 of the Dungeon.
You visited 1 branch of the dungeon, and saw 3 of its levels.

You collected 82 gold pieces.

Inventory:

Hand Weapons
 e - a +0 dagger
 j - the +3 dagger of Generosity (weapon) {protect, +Blink rF+ rC++ Will-}
   (You found it on level 2 of the Dungeon)

   rF:        It protects you from fire.
   rC:        It greatly protects you from cold.
   +Blink:    It lets you blink.
   Will:      It decreases your willpower.
Armour
 a - a +0 robe (worn)
Scrolls
 d - 2 scrolls of magic mapping {unknown}
 f - a scroll of fear {unknown}
 g - a scroll of blinking {unknown}
 i - a scroll of teleportation {unknown}
 k - a scroll of enchant weapon {unknown}
Potions
 b - a potion of magic
 c - a potion of flight {unknown}
 h - a potion of experience {unknown}


   Skills:
 - Level 1.7 Dodging
 - Level 1.7 Stealth
 + Level 2.6 Spellcasting
 * Level 5.4 Necromancy


You had 6 spell levels left.
You knew the following spells:

 Your Spells              Type           Power      Damage    Failure   Level
a - Necrotise             Necr           76%        1d7       2%          1

Your spell library contained the following spells:

 Spells                   Type           Power      Damage    Failure   Level
 Vampiric Draining        Necr           19%        2d7       6%          3
 Animate Dead             Necr           19%        N/A       22%         4
 Agony                    Necr           19%        N/A       52%         5


Dungeon Overview and Level Annotations

Branches:
Dungeon (3/15)

Altars:

Annotations:
D:3 Grinder


Innate Abilities, Weirdness & Mutations

You have a pair of small antennae on your head.


Message History

The kobold writhes in agony.
The kobold throws a stone.
The stone hits you but does no damage.
Aiming: Necrotise (safe; 2% risk of failure)
Press: ? - help, Q - select action, (/) - cycle Shift-Dir - straight line, f/p - kobold
Aim: a kobold, wielding a +0 dagger and quivering stones (severely wounded, ally target, chance to affect: 89%)
Okay, then.
The kobold hits you but does no damage.
Your ball python skeleton closely misses the kobold.
Your ball python skeleton grabs the kobold.
Your ball python skeleton constricts the kobold.
You hit the kobold.
Your weapon exudes an aura of protection.
You kill the kobold!
No target in view!
HP restored.
Magic restored.
Your ball python skeleton crumbles into dust!
Found a stone staircase leading down.
You now have 82 gold pieces (gained 12).
Grinder comes into view.
She is carrying a wand of light (13).
Found a stone.
Grinder shouts!
Grinder blinks!
Grinder moves out of view.
There is a stone staircase leading down here.
You aren't carrying any items that you can evoke.
Unknown command.
Okay, then.
There is a stone staircase leading down here.
Grinder blinks!
Grinder attacks as you move away! Grinder hits you but does no damage.
Grinder says, "There's only one good use for a tongue: cutting it out."
Grinder zaps a wand.
The bolt of light misses you.
Grinder zaps a wand.
The bolt of light hits you!
Ouch! That really hurt!
There is a stone staircase leading up here.
Grinder gestures at you.
You suddenly lose the ability to move!
You stop ascending the stairs.
Grinder zaps a wand.
The bolt of light hits you!
Ouch! That really hurt!
You die...

..#####.......#...
#............
#..........#
#..........#
#.........##
#.........#
#.....5...#
#.........#
#.....@...#
#...).....#
#.........#
##.......##
##.....## #######


You could see Grinder.

Vanquished Creatures
  2 worms (D:2)
  A dart slug (D:2)
  2 ball pythons
  An endoplasm (D:2)
  2 giant cockroaches (D:2)
  4 goblins
  4 hobgoblins (D:1)
  4 quokkas
  5 bats
  A frilled lizard (D:1)
  2 kobolds
  5 rats
33 creatures vanquished.

Vanquished Creatures (collateral kills)
  An endoplasm (D:1)
  A rat (D:2)
2 creatures vanquished.

Grand Total: 35 creatures vanquished

Notes
Turn   | Place    | Note
-------+----------+-------------------------------------------
     0 | D:1      | BubbleThief the Demonspawn Necromancer began the quest for
                  | the Orb.
     0 | D:1      | Reached XP level 1. HP: 13/13 MP: 3/3
   371 | D:1      | Gained mutation: You have a pair of small antennae on your
                  | head. [demonic ancestry]
   371 | D:1      | Reached XP level 2. HP: 19/19 MP: 1/5
   828 | D:1      | Reached skill level 5 in Necromancy
  1323 | D:2      | Reached XP level 3. HP: 24/24 MP: 0/6
  1842 | D:2      | Identified the +3 dagger of Generosity {protect, +Blink rF+
                  | rC++ Will-}
  2003 | D:3      | Noticed Grinder
  2015 | D:3      | Paralysed by Grinder for 5 turns
  2017 | D:3      | Killed from afar by Grinder

Illustrated notes

Levels and vault maps discovered:
D:1:      sevenhm_arrival_forest_fort_large_4, layout_loops_ring
D:2:      layout_loops_cross, dreamdust_princess_bridge
D:3:      layout_rooms, dreamdust_ecumenical_altar_statues, uniq_grinder

Skill      XL: |  1  2 |
---------------+-------+-----
Necromancy     | 5 |  5.4
Dodging        | |  1.7
Stealth        | |  1.7
Spellcasting   | |  2.6

Action                     || total
---------------------------++-------
  Melee: Dagger            ||     8
   Cast: Necrotise         ||    68
 Armour: Robe              ||    10
  Dodge: Dodged            ||    15

Table legend: (Time is in decaauts)
 A = Elapsed time spent in this place.
 B = Non-inter-level travel time spent in this place.
 C = Inter-level travel time spent in this place.
 D = Time resting spent in this place.
 E = Time spent auto-exploring this place.
 F = Levels seen in this place.
 G = Mean time per level.
                   A        B        C        D        E       F      G
               +--------+--------+--------+--------+--------+-----+--------+
         Total |   2015 |   1972 |     43 |      0 |   1780 |   3 |  671.7 |
       Dungeon |   2015 |   1972 |     43 |      0 |   1780 |   3 |  671.7 |
               +--------+--------+--------+--------+--------+-----+--------+

Top non-repeatable levels by time:
     D:1: 1086 daAuts
     D:2: 865 daAuts
     D:3: 63 daAuts
